[Event "Israeli Team-ch 2023"]
[Site "Petah Tikva"]
[Date "2023.05.12"]
[Round "11.3"]
[White "Musyuk, Lior"]
[Black "Mikhalevski, Victor"]
[Result "0-1"]
[ECO "D78"]
[WhiteElo "2341"]
[BlackElo "2516"]
[Annotator "TA"]
[PlyCount "84"]
[EventDate "2023.01.13"]
[EventCountry "ISR"]
[SourceTitle "playchess.com"]
[Source "ChessBase"]
[SourceQuality "1"]
[TimeControl "40/5400+30:1800+30"]

1. Nf3 d5 2. g3 g6 3. Bg2 Bg7 4. d4 c6 5. O-O Nf6 6. c4 O-O 7. Qb3 a5 8. Nc3 a4 9. Qb4 dxc4 10. Qxc4 Bf5 {[%emt 0:03:49] Prevents Qd3. D78: Fianchetto Grünfeld: 6 0-0 c6.} 11. Ne5 Nfd7 {[%emt 0:06:57] [#]} 12. Qb4 $146 (12. Nxa4 $2 b5 13. Nxc6 bxc4 $19) ({Predecessor:} 12. Nxd7 Qxd7 13. Rd1 Rd8 14. Be3 b5 15. Qc5 a3 16. bxa3 Rc8 17. Rac1 Qd8 18. Qb4 {1-0 Nyzhnyk,I (2658)-Gutla,A (2227) Chesterfield SPICE Cup op 2022 (5)}) 12... Nxe5 {[%emt 0:46:42] The position is equal.} 13. dxe5 Qa5 14. Qxa5 ({But not} 14. Qxb7 Ra7 15. b4 Rxb7 $15) 14... Rxa5 15. f4 f6 16. e4 {[%emt 0:00:51] Hoping for exf6.} Be6 17. exf6 exf6 18. Be3 Re8 19. Rad1 Bf8 20. Bb6 Ra6 21. Bd4 Nd7 22. Rfe1 a3 23. Bf2 $2 (23. b3 $11 {and White stays safe.}) 23... Raa8 (23... axb2 $19 {is more deadly. And now ...Bb4 would win.} 24. f5 {[%mdl 64] Deflection} Bf7) 24. bxa3 Rxa3 25. Ne2 {[%emt 0:10:14] [#]} (25. Nb1 $17 Raa8 26. Nc3) 25... Nc5 ({Inferior is} 25... Rxa2 26. f5 gxf5 27. Nf4 Rxf2 28. Nxe6 $17) (25... Bb4 $1 $19 {and Black stays clearly on top.} 26. Rf1 Bg4) 26. Nc1 $17 Bxa2 {[%emt 0:00:38] Black has more active pieces.} 27. Nxa2 Rxa2 28. e5 fxe5 29. fxe5 Ne6 30. Bf1 Rc2 31. Rc1 Rd2 32. Be3 {[%emt 0:01:55] Prevents Ng5.} Rd7 33. Bc4 Kg7 34. Rcd1 (34. Kg2 $11 {keeps the balance.}) 34... Rxd1 35. Rxd1 {[%emt 0:00:01] [#]} Bc5 (35... b5 $1 $17 36. Rd7+ Kh8) 36. Rd7+ $11 Kh8 37. Kf2 b6 38. Rb7 Ng5 {[%emt 0:01:36][%cal Ob6b5] ...b5! is the strong threat.} 39. Bxc5 bxc5 40. Ke3 {[%emt 0:01:17] Against Ne4} (40. Rb6 $11) 40... Rxe5+ $17 41. Kf4 Rf5+ 42. Kg4 (42. Ke3 {was the only defense.}) 42... Ne4 {[%emt 0:01:32] Weighted Error Value: White=0.32/Black=0.21 (precise)} 0-1

[Event "Israeli Team-ch 2023"]
[Site "Petah Tikva"]
[Date "2023.05.12"]
[Round "11.4"]
[White "Postny, Evgeny"]
[Black "Kuprijanov, Anatoly"]
[Result "1-0"]
[ECO "D20"]
[WhiteElo "2556"]
[BlackElo "2270"]
[Annotator "TA"]
[PlyCount "57"]
[EventDate "2023.01.13"]
[EventCountry "ISR"]
[SourceTitle "playchess.com"]
[Source "ChessBase"]
[SourceQuality "1"]
[TimeControl "40/5400+30:1800+30"]

1. d4 d5 2. c4 dxc4 3. e4 e5 4. Nf3 exd4 5. Bxc4 Bb4+ 6. Nbd2 Nc6 7. O-O Qf6 8. Qb3 {[%emt 0:24:38][%mdl 1024] White has compensation. D20: Queen's Gambit Accepted: 3 e3 and 3 e4.} (8. e5 $5 Qg6 9. Nb3 $11) 8... Nge7 9. e5 Qg6 (9... Nxe5 $2 10. Qxb4 N5c6 11. Qa3 $18) 10. Bd3 {[%emt 0:04:01] The position is equal.} (10. Nxd4 Nxd4 11. Qxb4 Nc2 12. Qa4+ Nc6 $17) (10. Nh4 $5 Qh5 11. Ndf3 $11) 10... Qh5 ({Black should play} 10... Be6 $11) 11. Ne4 $1 $14 {[%emt 0:03:50] [#] And now Ng3 would win.} O-O $146 (11... Nxe5 $2 12. Nxe5 (12. Nxd4 Nxd3 13. Qxd3 O-O $17) (12. Qxb4 Nxf3+ 13. gxf3 Qxf3 $16) 12... Qxe5 13. Qxb4 $18) ({Predecessor:} 11... Be6 12. Qa4 Bd5 13. h3 Bxe4 14. Bxe4 Bc5 15. b4 Bb6 16. Bg5 Rb8 17. Rae1 a6 18. Kh2 O-O 19. g4 {1-0 Ivanisevic,I (2648)-Slingerland,F (2415) Sarajevo Bosna op 41st 2011 (6)}) 12. Ng3 (12. a3 $5 Ba5 $8 13. Ng3 $11) 12... Qg4 13. h3 Qd7 14. a3 Ba5 15. Nh5 (15. Ng5 $16 Qe8 16. Nxh7 (16. Bxh7+ Kh8 $16)) 15... Kh8 ({Black should try} 15... Qd5 $14 16. Bc4 Qd8) 16. Qc2 {[%emt 0:21:43] White is much more active. The black rooks are badly placed.} Ng6 17. b4 $36 {[%emt 0:00:53][%mdl 2048] White has some pressure.} Bb6 18. Re1 Re8 {[%emt 0:05:08][%cal Rg6e5] [#]} 19. Nxg7 $1 Kxg7 20. Qd2 $1 {[%emt 0:00:05] Qh6+ is the strong threat.} Ncxe5 $2 {[%emt 0:10:10][%mdl 8192] Black cannot hold the game after this.} (20... Kg8 $14 21. Qh6 f5 22. Bc4+ Re6) 21. Nxe5 $18 Qd6 {[%emt 0:02:35] [#]} 22. Qh6+ $1 ({Stronger than} 22. Bxg6 fxg6 23. Nc4 (23. Qf4 Bf5 $15) 23... Rxe1+ 24. Qxe1 Qe6 $11) 22... Kg8 {[%emt 0:00:04] [#]} 23. Bf4 $1 {[%emt 0:02:03] Threatening mate with Nxg6.} Qf8 {[%emt 0:01:58] Strongly threatening ...Qxh6.} 24. Qh5 Be6 $2 (24... Re6 25. Nxg6 hxg6) 25. Bh6 Qd6 26. Nxg6 hxg6 {[%emt 0:00:16] [#]} 27. Bxg6 $1 {[%emt 0:00:05][%cal Oh5g5][%mdl 512] Qg5! would kill now.} Bc4 {[%emt 0:01:25] [#]} (27... d3 28. Bh7+) 28. Bh7+ $1 Kh8 (28... Kxh7 29. Bf8+) 29. Bf5 {[%emt 0:00:41] A superb game by Postny.   Weighted Error Value: White=0.25 (precise) /Black=0.69} 1-0

[Event "Israeli Team-ch 2023"]
[Site "Petah Tikva"]
[Date "2023.05.12"]
[Round "11.5"]
[White "Polyakov, Alex"]
[Black "Kobo, Ori"]
[Result "0-1"]
[ECO "A48"]
[WhiteElo "2214"]
[BlackElo "2546"]
[Annotator "TA"]
[PlyCount "124"]
[EventDate "2023.01.13"]
[EventCountry "ISR"]
[SourceTitle "playchess.com"]
[Source "ChessBase"]
[SourceQuality "1"]
[TimeControl "40/5400+30:1800+30"]

1. d4 Nf6 2. Nf3 g6 3. c3 Bg7 4. Bf4 O-O 5. Nbd2 d6 6. e4 Nbd7 7. h3 Qe8 {[%emt 0:02:17] A48: 1 d4 Nf6 2 Nf3 g6: Torre, London and Colle Systems.} 8. Qc2 e5 9. dxe5 Nxe5 {[%emt 0:06:23] [#] The position is equal.} 10. Be2 $146 ({Predecessor:} 10. Nxe5 dxe5 11. Be3 b6 12. Bd3 Nh5 13. O-O f5 14. Bc4+ Kh8 15. Bd5 Rb8 16. f3 {0-1 Mahitosh,D (2176)-Sychev,K (2552) Titled Tuesday intern op 06th Sep Early blitz 2022 (4)}) 10... Nxf3+ 11. Bxf3 Bd7 12. O-O Ba4 13. b3 Bc6 14. Rfe1 Nd7 15. Nc4 a5 16. Rad1 Qe7 17. Qd2 Rfe8 18. Bg5 {[%emt 0:06:37] [#]} (18. e5 $11 {keeps the balance.} Bxe5 19. Bxe5 Nxe5 20. Bxc6 bxc6 21. Qd4) 18... Bxc3 $1 $17 {[%emt 0:03:44][%mdl 64] Deflection} 19. Qxc3 Qxg5 20. e5 Nxe5 (20... dxe5 $2 21. Bxc6 (21. Nxa5 Bxf3 22. Qxf3 Nc5 $17) 21... bxc6 22. Rxd7 $18) 21. Nxe5 Rxe5 22. Rxe5 Qxe5 ({Reject} 22... dxe5 23. Bxc6 bxc6 24. Qxc6 $11) 23. Qxe5 dxe5 24. Bxc6 bxc6 {[%emt 0:00:02][%mdl 4096] Endgame KR-KR} 25. Rd7 a4 26. Rxc7 axb3 27. axb3 Ra1+ 28. Kh2 Ra6 29. Rb7 Ra2 30. f3 Kg7 31. b4 g5 (31... Rb2 $17 32. Rb6 h5) 32. b5 cxb5 33. Rxb5 f6 34. Rb4 {[%emt 0:02:52] Prevents Ra4} Kg6 35. h4 $1 gxh4 36. Rxh4 h5 37. Rb4 Kg5 38. Kg3 f5 ({Black should play} 38... Ra8 $15) 39. Kh3 Ra3 {[%emt 0:00:50] Strongly threatening ...e4.} 40. Kh2 $1 Re3 (40... h4 $1 $15) 41. Rb8 $11 Re2 42. Rg8+ Kf4 43. Rf8 Rb2 44. Rf7 Rd2 45. Rf8 h4 46. Rh8 e4 47. fxe4 fxe4 48. Rxh4+ Ke3 49. Rh3+ $2 {[%emt 0:00:00][%mdl 8192] [#]} (49. Rh7 $11) 49... Kf2 $1 $19 50. Rh8 {[%emt 0:00:00] Prevents Rd8} e3 51. Rf8+ Ke1 {[%emt 0:00:22] ( -> ...e2)} 52. Ra8 Kf1 (52... e2 $142 53. Kg3 Rd3+ 54. Kf4 Kf1 55. Re8 Rd8 {[%mdl 64] Promotion} 56. Rxd8 e1=Q 57. Rg8 Qf2+ 58. Ke4 Qh4+ 59. Kd5 Qf6 60. Re8 Qf5+ 61. Kd6 Kxg2 62. Rg8+ Kf3 63. Rd8 Qf6+ 64. Kc7 Ke4 65. Rd6 Qf7+ 66. Rd7 Qc4+ 67. Kb6 Qe6+ 68. Kc7 Ke5 69. Kd8 Qa6 70. Rf7 Ke6 71. Re7+ Kf6 72. Rd7 Qa5+ 73. Kc8 Ke6 74. Rb7 Qc5+ 75. Rc7 Qb5 76. Rb7 Qc6+ 77. Kb8 Kd6 78. Ka7 Qe8 79. Rb4 Kc5 80. Rb7 Qe4 81. Rc7+ Kd6 82. Kb8 Qe5 83. Rb7 Kc6+ 84. Ka8 Qa1+ 85. Kb8 Qa5 86. Rb1 Qc7+ 87. Ka8 Qh7 88. Rb8 Qf5 89. Rb2 Qa5+ 90. Kb8 Qe5+ 91. Ka7 Qxb2 92. Ka8 Qb7#) 53. Ra1+ Kf2 54. Ra8 e2 55. Rf8+ Ke3 56. Re8+ Kf2 57. Rf8+ $1 {[%emt 0:00:02] [#]} Ke1 $1 {[%emt 0:00:13] Black mates.} 58. Re8 Kd1 59. Kh3 e1=Q 60. Rxe1+ Kxe1 61. g4 Kf2 62. Kh4 Kf3 {[%emt 0:00:08] Weighted Error Value: White=0.42/Black=0.29 (precise)} 0-1

[Event "Israeli Team-ch 2023"]
[Site "Petah Tikva"]
[Date "2023.05.12"]
[Round "11.6"]
[White "Steinberg, Nitzan"]
[Black "Rahmilevitz, Anton"]
[Result "0-1"]
[ECO "B43"]
[WhiteElo "2537"]
[BlackElo "2250"]
[Annotator "TA"]
[PlyCount "88"]
[EventDate "2023.01.13"]
[EventCountry "ISR"]
[SourceTitle "playchess.com"]
[Source "ChessBase"]
[SourceQuality "1"]
[TimeControl "40/5400+30:1800+30"]

1. e4 c5 2. Nf3 e6 3. d4 cxd4 4. Nxd4 a6 5. Be2 Nf6 6. Nc3 Bb4 7. O-O Qc7 8. Qd3 O-O 9. Bg5 {[%emt 0:08:04] B43: Sicilian: Kan Variation: 5 Nc3.} Be7 10. f4 d6 11. Kh1 {[%emt 0:02:37] White is slightly better.} (11. Rad1 $5 ) 11... Nbd7 ({Black should play} 11... h6 $11 12. Bh4 Nc6) 12. Qg3 $1 $14 Kh8 13. Rad1 {[%emt 0:09:32] [#]} Nc5 $146 (13... h6 $14) ({Predecessor:} 13... Ng8 14. a4 Bxg5 15. fxg5 Ne5 16. Nf3 Bd7 17. Rd2 Bc6 18. Rfd1 Rfd8 19. h4 Be8 {0-1 Rechlis,G (2514)-Koch,J (2485) FRA-chT France 1999 (5)}) 14. Qh4 $1 $16 Ng8 {[%emt 0:11:37] White must now prevent ...f6.} 15. Bxe7 Nxe7 16. f5 (16. b4 $1 $16 ) 16... f6 $14 {[%emt 0:01:53] [#]} 17. Rf3 (17. fxe6 $1 $16 {Strongly threatening Nd5.} Nxe6 18. Nf5) 17... e5 $1 $11 18. Nb3 (18. Rh3 $5 h6 $8 19. Nb3 $11) 18... b5 {[%emt 0:00:51] Dodges Bc4} 19. a3 (19. Rh3 $5 h6 $8 20. Nxc5 Qxc5 21. Rg3 $11) 19... Bb7 (19... Na4 $5) 20. Rh3 h6 21. Qg4 Rad8 22. Rg3 Rg8 23. Bf3 $2 {[%emt 0:01:46] [#] This costs White the game.} (23. Nxc5 $15 dxc5 24. Rxd8 Qxd8 25. Rd3) 23... Na4 $1 $19 24. Nxa4 bxa4 25. Nd2 Qxc2 26. Nf1 Qxb2 27. Rh3 $2 (27. Be2 {was worth a try.}) 27... Qxa3 28. Rb1 Bc6 {[%emt 0:01:27] Black is clearly winning.} ({Not} 28... Qd3 $2 29. Rd1 Qb3 30. Be2 $19) 29. Ng3 Qe3 {[%emt 0:00:15] And now ...a3 would win.} 30. Qh5 Rgf8 31. Be2 a3 32. Bc4 Rb8 33. Rf1 Rb2 34. Qg4 Qg5 35. Qd1 {[%emt 0:00:37] [#]} Bxe4 $1 36. Rg1 Bxf5 37. Nxf5 Nxf5 38. Rxa3 Rd8 {[%emt 0:01:05][%cal Od6d5] Hoping for ...d5!} 39. Bd5 Nd4 40. Rg3 Qf5 41. Bc4 d5 42. Bxa6 Rdb8 {[%emt 0:00:58] ...Rb1 would be deadly.} 43. Bd3 {[%emt 0:01:20] Wards off Rb1} e4 44. Ba6 Qe5 {[%emt 0:00:15] Weighted Error Value: White=0.47/Black=0.11 (very precise)} 0-1

[Event "Israeli Team-ch 2023"]
[Site "Petah Tikva"]
[Date "2023.05.12"]
[Round "11.7"]
[White "Zanan, Evgeny"]
[Black "Navarro Guerrero, Pavel. E."]
[Result "*"]
[ECO "B08"]
[WhiteElo "2483"]
[BlackElo "2152"]
[Annotator "TA"]
[PlyCount "37"]
[EventDate "2023.01.13"]
[EventCountry "ISR"]
[SourceTitle "playchess.com"]
[Source "ChessBase"]
[SourceQuality "1"]
[TimeControl "40/5400+30:1800+30"]

1. d4 g6 2. e4 Bg7 3. Nf3 d6 4. Be2 Nf6 5. Nc3 O-O 6. O-O c6 7. a4 a5 8. h3 Na6 {[%emt 0:02:11] B08: Pirc Defence: Classical System.} 9. e5 (9. Be3 $14) 9... dxe5 $11 10. dxe5 Nd5 11. Nxd5 cxd5 12. c3 Nc5 {[%emt 0:04:22] [#]   Weighted Error Value: White=0.29 (precise) /Black=0.22 (precise)} {Predecessor:} 13. Bf4 $146 b6 14. Nd4 Bb7 15. Bb5 e6 16. Qg4 Qc7 17. Rfe1 Ba6 18. Bh2 Bxb5 19. Nxb5 {½-½ Lopez Sanz,V-LLobet Reus,P (2158) Barcelona Sants op 03rd 2001} *

[Event "Israeli Team-ch 2023"]
[Site "Petah Tikva"]
[Date "2023.05.12"]
[Round "11.9"]
[White "Bronstein, Or"]
[Black "Alekseev, Evgeny"]
[Result "0-1"]
[ECO "D35"]
[WhiteElo "2447"]
[BlackElo "2575"]
[Annotator "TA"]
[PlyCount "112"]
[EventDate "2023.01.13"]
[EventCountry "ISR"]
[SourceTitle "playchess.com"]
[Source "ChessBase"]
[SourceQuality "1"]
[TimeControl "40/5400+30:1800+30"]

1. d4 Nf6 2. c4 e6 3. Nc3 d5 4. cxd5 exd5 5. Bg5 c6 6. e3 Be7 7. Bd3 Nbd7 8. Nf3 O-O {[%emt 0:03:12][%cal Of6e4] 8...Ne4 is the fancy move.} 9. h3 {[%emt 0:04:13] D35: Queen's Gambit Declined: Exchange Variation.} Ne4 {[%emt 0:14:53][%mdl 64] Discovered Attack} 10. Bf4 (10. Nxe4 $2 {is the wrong capture.} dxe4 11. Bxe4 (11. Bxe7 $2 Qxe7 12. O-O exd3 $19) 11... Bxg5 $19) 10... Ndf6 11. Qc2 {[%emt 0:01:13] The position is equal.} Nxc3 12. bxc3 c5 13. O-O c4 14. Be2 g6 {[%emt 0:00:31] [#]} 15. g4 $146 ({Predecessor:} 15. Ne5 Nd7 16. Rfd1 Nxe5 17. dxe5 Qa5 18. Qb2 Ba3 19. Qd2 Be6 20. Bg5 b5 21. Bf6 {1-0 Finek,V (2211)-Sprenar,P (2302) CZE-ch U20 Kouty nad Desnou 2020 (8)}) 15... Be6 16. a4 Ne4 17. Rab1 Qc8 ({Black should play} 17... b6 $15) 18. Ne5 (18. Nd2 {simplifies} Nxd2 19. Qxd2 b6 20. Rb5) 18... Nd6 19. Bh6 Re8 20. Kh2 {[%emt 0:02:05] [#]} (20. Bf3 $11 {remains equal.}) 20... Bf8 (20... g5 $1 $17 {aiming for ...f6.} 21. f4 f6 22. Bxg5 fxg5) 21. Bf4 $11 Kg7 22. Nf3 f6 23. Nd2 Bf7 24. Bg3 Qc6 25. h4 b6 26. Rbe1 Re7 27. Rg1 Kg8 28. Bf4 Bg7 29. Bd1 Rae8 30. Qc1 a6 31. Bc2 Rb7 32. Qd1 Ne4 33. Nxe4 dxe4 34. g5 f5 $1 35. Qe2 Bf8 36. Rg3 Bd6 37. Bxd6 Qxd6 38. Rb1 Bd5 {[%emt 0:00:32] Threatens to win with ...f4.} 39. Kg1 (39. Kh1 $1 $15) 39... Rf7 $17 40. Bd1 Ref8 $36 {[%emt 0:01:39][%mdl 2048] ...f4 is the strong threat. Black is really pushing. Black has more active pieces.} 41. Rb2 (41. Rg2 $17) 41... f4 $19 42. Rh3 {[%emt 0:01:01] [#]} b5 $1 43. axb5 axb5 44. Rh2 Bc6 (44... Ra7 $19 {is more deadly. White must now prevent ...Ra1.} 45. Rb1 f3) 45. Ra2 (45. Qe1 $17 {was necessary.}) 45... Bd7 46. Qd2 fxe3 47. Qxe3 {[%emt 0:00:01] White is weak on the light squares} Rf4 (47... b4 $19 {and Black stays clearly on top. Strongly threatening ...b3.} 48. cxb4 Qxb4) 48. Ra7 (48. h5 $142) 48... Bg4 $17 49. Bxg4 Rxg4+ 50. Kh1 $2 {[%emt 0:00:49][%mdl 8192] Loses the game.} (50. Rg2 $17 Rxh4 51. Qg3 Qxg3 52. Rxg3) 50... Qd5 $19 {[%emt 0:01:44] Hoping for ...Rf3.} 51. Rh3 Rgf4 52. Re7 Rxf2 {[%emt 0:03:04] ( -> ...Qa8)} 53. Qxe4 Rf1+ 54. Kg2 R8f2+ 55. Kg3 Rf3+ 56. Kg4 h5+ {[%emt 0:02:39] A cool game by Alekseev.   Weighted Error Value: White=0.49/Black=0.31} 0-1

[Event "Israeli Team-ch 2023"]
[Site "Petah Tikva"]
[Date "2023.05.12"]
[Round "11.10"]
[White "Smirin, Ilia"]
[Black "Oratovsky, Michael"]
[Result "1/2-1/2"]
[ECO "C41"]
[WhiteElo "2596"]
[BlackElo "2422"]
[Annotator "TA"]
[PlyCount "64"]
[EventDate "2023.01.13"]
[EventCountry "ISR"]
[SourceTitle "playchess.com"]
[Source "ChessBase"]
[SourceQuality "1"]
[TimeControl "40/5400+30:1800+30"]

1. e4 d6 2. d4 Nf6 3. Nc3 e5 4. Nf3 Nbd7 5. Bc4 Be7 6. O-O O-O 7. a4 c6 8. Ba2 a5 9. Re1 exd4 10. Nxd4 Nc5 11. h3 Qb6 {[%emt 0:15:01] C41: Philidor Defence.} 12. Nb3 Nxb3 13. Bxb3 Be6 {[%emt 0:00:07] [#]} 14. Nd5 $1 cxd5 15. exd5 Nxd5 16. Bxd5 Bxd5 17. Qxd5 (17. Rxe7 $5 Bc6 18. b3 $14 (18. Qxd6 Rfe8 $11)) 17... Bf6 {[%emt 0:01:55] [#] The position is equal.} 18. Qb5 $146 (18. c3 {is interesting.} Rae8 19. Bg5 Bxg5 20. Qxg5 Re5 21. Rxe5 dxe5 22. Rb1) ({Predecessor:} 18. Rb1 Rac8 19. Be3 Qb4 20. c3 Qxa4 21. Qxb7 Rb8 22. Qd5 Rfd8 23. Ra1 Qb5 24. Rxa5 Qxd5 25. Rxd5 Rxb2 26. Bf4 h6 27. Rxd6 Rxd6 28. Bxd6 Bxc3 {½-½ Gullaksen,E (2391)-Johannessen,L (2521) Fagernes Norsk op 2013 (7)}) 18... Qxb5 19. axb5 Rfc8 20. c3 a4 21. Be3 Ra5 22. b6 h5 23. Ra2 d5 24. Rd1 Rc4 25. b4 Rb5 26. Rxa4 {[%emt 0:00:06] [#] And now Ra5 would win.} Bxc3 27. Ra8+ Kh7 {[%emt 0:00:02] ...d4 would be deadly.} 28. Rd8 d4 29. Bxd4 Bxd4 30. R1xd4 Rcxb4 31. R4d7 Rxb6 32. Rxf7 Rf6 {[%emt 0:00:29] An even fight not without its subleties.   Weighted Error Value: White=0.04 (flawless) /Black=0.03 (flawless)} 1/2-1/2

[Event "Israeli Team-ch 2023"]
[Site "Petah Tikva"]
[Date "2023.05.12"]
[Round "11.11"]
[White "Veinberg, Nimrod"]
[Black "Kogan, Arthur"]
[Result "1/2-1/2"]
[ECO "E25"]
[WhiteElo "2400"]
[BlackElo "2471"]
[Annotator "TA"]
[PlyCount "142"]
[EventDate "2023.01.13"]
[EventCountry "ISR"]
[SourceTitle "playchess.com"]
[Source "ChessBase"]
[SourceQuality "1"]
[TimeControl "40/5400+30:1800+30"]

1. d4 Nf6 2. c4 e6 3. Nc3 Bb4 4. a3 Bxc3+ 5. bxc3 c5 6. f3 d5 7. cxd5 Nxd5 8. dxc5 Qa5 9. e4 Ne7 10. Be3 O-O 11. Qb3 Nd7 {[%emt 0:01:16] E25: Nimzo-Indian: Sämisch: 5...c5 6 f3 d5 7 cxd5.} 12. a4 Nc6 13. Bb5 Qc7 {[%emt 0:18:11] White is slightly better.} 14. Nh3 {[%emt 0:05:59] [#]} Na5 $146 ({Predecessor:} 14... Nce5 15. Qa3 b6 16. a5 bxc5 17. O-O Rb8 18. Rfb1 c4 19. a6 Nb6 20. Nf2 Rd8 21. Bd4 Bd7 22. Qe7 Ng6 {1-0 Moranda,W (2453)-Szymanska,M (2155) Kochan Memorial op-A 16th 2005 (1)}) 15. Qb4 Nc6 16. Qb3 (16. Qa3 $16) 16... Na5 $11 {[%emt 0:01:01] A dynamic duo of knights.} 17. Qb4 (17. Qa3 $11) 17... Nc6 $16 18. Qa3 b6 19. cxb6 axb6 20. O-O Ba6 {[%emt 0:02:36] [#]} 21. Bxc6 Qxc6 $14 22. Rfb1 Bc4 23. Nf2 f5 24. exf5 (24. Qe7 {is interesting.} Rxa4 25. Rxa4 Qxa4 26. Bd4) 24... exf5 25. Bd4 {[%emt 0:00:38] Dodges Rf6} Rfe8 26. Re1 (26. Qb4 $16) 26... Rxe1+ $1 27. Rxe1 Bf7 (27... Nc5 $11 {remains equal.}) 28. Qc1 h6 29. Qf4 Qg6 30. Re7 ({White should play} 30. Nd3 $16 {Threatens to win with Re7.} Re8 31. Rxe8+ Bxe8 32. h3) 30... Rxa4 {[%emt 0:01:38] aiming for ...Ra1+.} 31. h3 (31. h4 $5 Nc5 32. Qb8+ Kh7 33. g4 fxg4 34. fxg4 Ra1+ 35. Kh2 $14) 31... Nf6 (31... Nc5 $1 $11 {keeps the balance.}) 32. Qb8+ $16 Ne8 33. Nd3 $36 {[%emt 0:02:11][%mdl 2048] White is in control. Black is weak on the dark squares} Ra2 34. Bf2 $1 {[%emt 0:02:26] Strongly threatening Ne5. Active counter play!} (34. Qxb6 $2 Qxg2#) 34... Ra1+ 35. Kh2 $1 ({Much less strong is} 35. Ne1 $6 Kf8 36. Re2 Rd1 $14) 35... Qd6+ 36. Qxd6 Nxd6 37. Ne5 {[%emt 0:00:43][%cal Oe7d7] Rd7! is the strong threat.} Rd1 38. Rd7 Bb3 39. Bd4 Nb5 40. Nc6 $1 ({Reject} 40. Bxb6 Rxd7 41. Nxd7 Nxc3 $11) 40... Nxd4 41. Nxd4 {[%emt 0:04:45][%mdl 4096] Endgame KRB-KRN} Rd3 (41... f4 $142) 42. Rc7 Ba4 43. Ra7 Be8 44. Nxf5 Bd7 45. Nd4 Be8 46. Re7 Bf7 47. Rc7 Be8 48. Kg3 b5 49. Ne2 Bf7 50. Kf4 Rd2 51. Ke3 Rc2 52. Nd4 ({Better is} 52. Rc8+ $16 Kh7 53. Rd8) 52... Rxg2 $11 53. Nxb5 Be6 54. h4 $1 g5 55. hxg5 Rxg5 56. Nd4 Bh3 57. c4 h5 {[%emt 0:00:20] [#]} 58. Kf4 {[%emt 0:00:56] Dodges h4} ({White should try} 58. f4 $1 Rg3+ 59. Ke4) 58... Rg1 $16 59. c5 {[%emt 0:00:13] Ra7 would be deadly.} h4 60. c6 Rd1 61. Ke3 {[%emt 0:03:41] Black must now prevent Re7.} ({Much weaker is} 61. Nf5 $6 Bxf5 62. Kxf5 h3 $11) 61... Rc1 (61... Re1+ $16 62. Kf4 Rd1) 62. Ra7 Rc3+ {[%emt 0:00:16] [#]} (62... Rc5 $142 63. Rb7 Rc4) 63. Kf4 $1 $18 {[%emt 0:01:42] Hoping for Kg5.} Rc4 $2 (63... Rc5 {was necessary.} 64. Rb7 Rc3) 64. Ke3 $2 (64. Ke5 $18 {is the precise move to win.}) 64... Rc3+ $1 $16 65. Kf4 $2 (65. Ke4 $16) 65... Rc4 $18 66. Ke5 Bg2 (66... Rc5+ $18 67. Kd6 Rc4) 67. Nf5 $2 (67. c7 {mates} Rc3 68. Ra8+ Kg7 69. Ne6+ Kh6 70. Rh8+ {[%mdl 64] Skewer} Kg6 71. Rg8+ {[%mdl 64] Skewer} Kh5 72. Rg5+ Kh6 73. Rxg2) 67... h3 {[%emt 0:00:29] The position is equal.} 68. Ra8+ Kh7 69. Ra7+ Kh8 70. Ra8+ Kh7 71. Ra7+ Kh8 {[%emt 0:00:11] Weighted Error Value: White=0.17 (very precise) /Black=0.15 (very precise)} 1/2-1/2

[Event "Israeli Team-ch 2023"]
[Site "Petah Tikva"]
[Date "2023.05.12"]
[Round "11.12"]
[White "Caspi, Israel"]
[Black "Guz, Ari"]
[Result "1/2-1/2"]
[ECO "D32"]
[WhiteElo "2472"]
[BlackElo "2306"]
[Annotator "TA"]
[PlyCount "87"]
[EventDate "2023.01.13"]
[EventCountry "ISR"]
[SourceTitle "playchess.com"]
[Source "ChessBase"]
[SourceQuality "1"]
[TimeControl "40/5400+30:1800+30"]

1. d4 d5 2. c4 e6 3. Nc3 c5 4. cxd5 exd5 5. Nf3 Nc6 6. dxc5 d4 7. Na4 Bxc5 {[%emt 0:00:11][%mdl 64] [#] Decoy. D32: Tarrasch Defence: Sidelines and lines without g3.} 8. Nxc5 Qa5+ 9. Bd2 Qxc5 {[%emt 0:02:57] White has an edge.} 10. Rc1 Qb6 11. e3 Nf6 12. Bc4 O-O 13. O-O Bg4 14. exd4 Rad8 15. Bc3 Rfe8 16. Qb3 (16. Re1 $14) 16... Qxb3 $11 17. Bxb3 {[%emt 0:00:13] A strong pair of Bishops.} Bxf3 18. gxf3 {[%emt 0:00:03] [#]} h6 $146 ({Predecessor:} 18... Nxd4 19. Bxd4 Rxd4 20. Rc7 Rd7 21. Rxd7 Nxd7 22. Rc1 Ne5 23. Rc7 g5 24. Rxb7 Nxf3+ {1-0 Valenzuela Fuentealba,L (2443)-Hernandez Riera,J (2204) CHI-ch Santiago de Chile 2017 (1)}) 19. Rcd1 {[%emt 0:06:56] White wants to play d5.} (19. Rfd1 $5 ) 19... Nd5 20. Rfe1 {[%emt 0:05:00] [#] aiming for Rxe8+.} Rxe1+ 21. Rxe1 Kf8 22. Kf1 Nf6 23. Rd1 Nd5 24. Bd2 Nb6 25. Bc3 Nd5 26. Bd2 (26. Ke2 $14) 26... Nb6 $1 $16 27. Be3 Nd5 28. a3 Ke7 29. Ke2 f5 30. Kd3 Kf6 31. Bd2 (31. h4 $16) 31... g5 $14 32. Bc3 Nf4+ 33. Ke3 {[%emt 0:10:13] d5+ would be deadly.} Nd5+ ({Less strong is} 33... Re8+ 34. Kd2 $16) 34. Kd2 Nxc3 ({Better is} 34... b5 $14) 35. Kxc3 {[%emt 0:00:50][%mdl 4096] Endgame KRB-KRN} (35. bxc3 $16 Ne5 36. Ke2) 35... Rc8 $11 36. Kd3 {[%emt 0:00:28] Hoping for Re1.} Rd8 37. Kc3 Rc8 38. Kd3 {[%emt 0:00:24] With the idea Re1.} Rd8 39. d5 Ne5+ 40. Ke2 Rd6 41. Ba2 Ng6 42. Kd3 Nh4 43. Ke2 Ng6 {[%emt 0:00:51][%mdl 1024] Black has compensation.} 44. Kd3 {[%emt 0:00:25] Weighted Error Value: White=0.20 (precise) /Black=0.10 (very precise)} 1/2-1/2